 Dungeon Crawl Stone Soup version 0.28-a0-1638-g9123634e07 (webtiles) character file.

Game seed: 4472758657503611371

11399 Turgor the Cleaver (level 11, -19/92 HPs)
             Began as a Demonspawn Abyssal Knight on Jan 21, 2022.
             Was an Elder of Lugonu.
             Demolished by Harold (20 damage)
             ... on level 9 of the Dungeon on Jan 25, 2022.
             The game lasted 01:32:46 (14941 turns).

Turgor the Cleaver (Demonspawn Abyssal Knight)     Turns: 14941, Time: 01:32:47

Health: -19/92     AC: 11    Str: 16    XL:     11   Next: 48%
Magic:  14/14      EV: 11    Int: 13    God:    Lugonu [****..]
Gold:   112        SH:  5    Dex: 14    Spells: 10/10 levels left

rFire   + . .      SeeInvis .   k - +4 war axe
rCold   . . .      Faith    .   v - +0 buckler
rNeg    . . .      Spirit   .   b - +0 leather armour
rPois   .          Reflect  .   f - +0 helmet
rElec   .          Harm     .   A - +0 cloak
rCorr   +          Rampage  .   (no gloves)
Will    .....                   z - +1 pair of boots
Stlth   +.........              (no amulet)
HPRegen 0.25/turn               x - ring of protection from fire
MPRegen 0.28/turn               F - ring of flight

@: flying
A: hooves 1, yellow scales 3, spiny 2, magic regeneration
a: Renounce Religion, Depart the Abyss, Bend Space, Banish, Corrupt


You were on level 9 of the Dungeon.
You worshipped Lugonu.
Lugonu was greatly pleased with you.
You visited 1 branch of the dungeon, and saw 10 of its levels.
You visited the Abyss 1 time.

You collected 462 gold pieces.
You spent 350 gold pieces at shops.

Inventory:

Hand Weapons
 k - a +4 war axe (weapon)
 r - a +1 hunting sling of flaming
 M - a +0 broad axe
Missiles
 c - 71 sling bullets
 g - 19 poisoned darts (quivered)
 t - a throwing net
 D - a curare-tipped dart
 L - 60 stones
Armour
 b - a +0 leather armour (worn)
 f - a +0 helmet (worn)
 v - a +0 buckler (worn)
 z - a +1 pair of boots (worn)
 A - a +0 cloak (worn)
Jewellery
 h - a ring of ice
 x - a ring of protection from fire (left hand)
 F - a ring of flight (right hand)
Wands
 o - a wand of paralysis (11)
 y - a wand of flame (6)
 B - a wand of polymorph (4)
 G - a wand of iceblast (6)
Scrolls
 a - a scroll of enchant armour {unknown}
 d - a scroll of teleportation
 m - 3 scrolls of enchant weapon {unknown}
 p - a scroll of amnesia {unknown}
 q - a scroll of magic mapping {unknown}
 s - 2 scrolls of fear
 u - 2 scrolls of identify
 w - a scroll of noise {unknown}
 C - a scroll of immolation {unknown}
Potions
 e - 2 potions of might
 i - a potion of berserk rage
 j - 2 potions of mutation
 l - 2 potions of brilliance
 n - a potion of flight
 E - 5 potions of lignification
 H - 3 potions of curing
 J - 2 potions of haste
 K - a potion of heal wounds


   Skills:
 + Level 10.3 Fighting
 * Level 12.8 Axes
 + Level 3.9 Slings
 - Level 1.7 Armour
 - Level 0.8 Dodging
 - Level 4.0 Shields
 + Level 4.7 Invocations


You had 10 spell levels left.
You didn't know any spells.
Your spell library contained the following spells:

 Spells                   Type           Power      Damage    Failure   Level
 Static Discharge         Conj/Air       0%         N/A       58%         2
 Dispel Undead            Necr           0%         3d6       99%         4
 Sticky Flame             Conj/Fire      0%         2d3       99%         4
 Summon Lightning Spire   Summ/Air       0%         N/A       99%         4
 Storm Form               Tmut/Air       0%         N/A       100%        7
 Maxwell's Capacitive Co  Air            0%         ∞         100%        8


Dungeon Overview and Level Annotations

Branches:
Dungeon (10/15)            Temple (0/1) D:7            Lair (0/6) D:8
    Orc: D:9-12

Altars:
Ashenzari
Cheibriados
Dithmenos
Kikubaaqudgha
Makhleb
Qazlal
Sif Muna
Uskayaw
Vehumet

Shops:
D:3 (   D:4 [   D:6 [   D:7 =   D:9 ?!(

Annotations:
D:5 1 runed translucent door, Crazy Yiuf
D:9 3 runed translucent doors, Harold; Redear's ghost, novice OpFi; Yorgos's ghost, novice DsBe; champignon's ghost, novice DsGl; esteth's ghost, novice GrEE; qborf's ghost, novice SpEn
D:10 Snorg


Innate Abilities, Weirdness & Mutations

You have large cloven feet.
You are completely covered in yellow scales. (AC +4, rCorr)
You are mostly covered in sharp spines.
You regenerate magic rapidly.


Message History

Found five items.
There is a stone staircase leading up here.
You see here a throwing net.
You struggle against the net.
You tear a large gash into the net.
You rip the net and break free!
Harold barely misses you. Harold is struck by your spines.
Harold hits you with a +0 dire flail!
You fly upwards.
Level annotation: 3 runed translucent doors, Redear's ghost, novice OpFi; Yorgos's ghost, novice DsBe; champignon's ghost, novice DsGl; esteth's ghost, novice GrEE; qborf's ghost, novice SpEn
There is a stone staircase leading down here.
You hit Harold.
Harold is lightly wounded.
Harold pauses a moment, imagining something with a smile on his face.
Harold closely misses you.
You completely miss Harold.
Harold is lightly wounded.
Harold hits you with a +0 dire flail!
You hit Harold.
Harold is lightly wounded.
Harold hits you with a +0 dire flail!
You hit Harold.
Harold is moderately wounded.
Harold is struck by your spines. Harold hits you with a +0 dire flail!!
Space bends around you!
You blink.
Harold throws a throwing net.
The throwing net barely misses you.
You hear a splash.
Space bends around you!
You blink.
Harold throws a throwing net.
The throwing net hits you.
You become entangled in the net!
Unknown command.
You struggle against the net.
You struggle against the net.
You struggle against the net.
You struggle against the net.
Harold hits you with a +0 dire flail!
* * * LOW HITPOINT WARNING * * *
You struggle against the net.
Harold is struck by your spines. Harold hits you with a +0 dire flail!!
* * * LOW HITPOINT WARNING * * *
You rip the net and break free!
Harold is struck by your spines. Harold hits you with a +0 dire flail!!
You die...

###.....##....... #####
#....###...##.... ##≈≈≈##
#...###.....#....
#≈≈≈≈≈###......).........
#≈≈∩...###.......∩.......
#≈≈≈≈≈..##.#.............
###≈≈≈..##.....#..†..#....
#..............##...##....
#....>..@@.#...#.......(..
#..#.......#....##........
##.#............##.<....#.
##................#.##..##
#..<..............#......#
##.......#................
##.........................
#.........##...............
#.(....#...#......#........


You could see Harold.

Vanquished Creatures
  A two-headed ogre (D:8)
  7 death yaks
  Joseph (D:10)
  A troll (D:7)
  Grinder (D:6)
  Prince Ribbit (D:5)
  Sigmund (D:6)
  A shadow (D:10)
  12 yaks
  A wyvern (D:8)
  Edmund (D:6)
  4 orc warriors
  A necrophage (D:6)
  4 ogres
  4 centaurs
  A kobold brigand (D:9)
  A bullfrog (D:6)
  3 scorpions
  A wyvern zombie (D:6)
  A water moccasin zombie (D:6)
  A wyvern skeleton (D:6)
  12 killer bees
  6 wights
  A crimson imp (D:7)
  2 centaur zombies
  A lava snake (D:9)
  2 hounds (D:6)
  2 gnoll shamans
  2 orc priests
  4 jellies
  A bullfrog skeleton (D:4)
  A centaur skeleton (D:6)
  Jessica (D:2)
  4 iguanas
  9 orc wizards
  A hound zombie (D:5)
  A hound skeleton (D:4)
  3 howler monkey zombies
  11 gnolls
  A howler monkey skeleton (D:6)
  6 adders
  A shadow imp (D:5)
  2 white imps
  3 ufetubi
  2 worms (D:2)
  33 orcs
  6 endoplasms
  8 goblins
  7 hobgoblins
  4 jackals
  12 kobolds
  4 quokkas
  7 ball pythons
  6 bats
  5 frilled lizards (D:1)
  4 rats
224 creatures vanquished.

Notes
Turn   | Place    | Note
-------+----------+-------------------------------------------
     0 | Abyss:1  | Turgor the Demonspawn Abyssal Knight began the quest for
                  | the Orb.
     0 | Abyss:1  | Reached XP level 1. HP: 18/18 MP: 2/2
    47 | Abyss:1  | Noticed a titan simulacrum
    59 | Abyss:1  | Found a corrupted altar of Lugonu.
    91 | D:1      | Escaped the Abyss
   161 | D:1      | Reached skill level 2 in Axes
   378 | D:1      | Found a faded altar of an unknown god.
   395 | D:1      | Gained mutation: You are partially covered in yellow
                  | scales. (AC +2) [demonic ancestry]
   395 | D:1      | Reached XP level 2. HP: 19/24 MP: 3/3
   562 | D:1      | Reached * piety under Lugonu
  1083 | D:2      | Gained mutation: You regenerate magic rapidly. [demonic
                  | ancestry]
  1083 | D:2      | Reached XP level 3. HP: 16/29 MP: 4/4
  1260 | D:2      | Reached skill level 3 in Axes
  1531 | D:2      | Noticed Jessica
  1565 | D:2      | Killed Jessica
  1566 | D:2      | Gained mutation: You are mostly covered in yellow scales.
                  | (AC +3) [demonic ancestry]
  1566 | D:2      | Reached XP level 4. HP: 17/36 MP: 4/6
  2105 | D:2      | Found a snail-covered altar of Cheibriados.
  3046 | D:3      | Found Ovueh's Weapon Boutique.
  3302 | D:3      | Reached skill level 4 in Axes
  3302 | D:3      | Gained mutation: You are partially covered in sharp spines.
                  | [demonic ancestry]
  3302 | D:3      | Reached XP level 5. HP: 33/42 MP: 7/7
  3663 | D:3      | Found a broken altar of Ashenzari.
  3955 | D:4      | Reached ** piety under Lugonu
  4139 | D:4      | Found Humapn's Antique Armour Shop.
  4293 | D:4      | You fall into a shaft and drop 1 floor!
  4293 | D:5      | Entered Level 5 of the Dungeon
  4314 | D:4      | Reached XP level 6. HP: 43/49 MP: 8/8
  4467 | D:4      | Found a stormy altar of Qazlal.
  4469 | D:4      | Noticed a water elemental
  4469 | D:4      | Noticed a fire elemental
  4469 | D:4      | Noticed an air elemental
  5215 | D:4      | Reached skill level 5 in Axes
  5333 | D:5      | Reached skill level 1 in Slings
  5738 | D:5      | Found a runed translucent door.
  5739 | D:5      | Noticed Crazy Yiuf
  6068 | D:5      | Gained mutation: You are mostly covered in sharp spines.
                  | [demonic ancestry]
  6068 | D:5      | Reached XP level 7. HP: 28/55 MP: 9/9
  6260 | D:5      | Found a shadowy altar of Dithmenos.
  6308 | D:5      | Reached skill level 5 in Fighting
  6524 | D:5      | Noticed Prince Ribbit
  6533 | D:5      | Killed Prince Ribbit
  6534 | D:5      | Reached skill level 6 in Axes
  7083 | D:6      | Noticed Edmund
  7121 | D:6      | Killed Edmund
  7122 | D:6      | Reached skill level 1 in Shields
  7122 | D:6      | Reached XP level 8. HP: 38/64 MP: 10/10
  7508 | D:6      | Reached *** piety under Lugonu
  7660 | D:6      | Found Zaugrer's Antique Armour Emporium.
  7805 | D:6      | Reached skill level 7 in Axes
  7841 | D:6      | Noticed Grinder
  7880 | D:6      | Paralysed by Grinder for 2 turns
  7883 | D:6      | Killed Grinder
  8123 | D:6      | Found an ancient bone altar of Kikubaaqudgha.
  8197 | D:6      | Noticed Sigmund
  8207 | D:6      | Killed Sigmund
  8267 | D:6      | Upgraded the game from 0.28-a0-1613-gdaab1c2f9b to
                  | 0.28-a0-1629-gf728b707aa
  8427 | D:6      | Reached XP level 9. HP: 71/71 MP: 11/11
  8473 | D:6      | Reached skill level 8 in Axes
  8664 | D:6      | Found a hide-covered altar of Uskayaw.
  8664 | D:6      | Found a shimmering blue altar of Sif Muna.
  9124 | D:7      | Reached **** piety under Lugonu
  9147 | D:7      | Reached skill level 9 in Axes
  9228 | D:7      | Noticed a troll
  9235 | D:7      | Killed a troll
  9277 | D:7      | Found a staircase to the Ecumenical Temple.
  9566 | D:7      | Found a burning altar of Makhleb.
  9566 | D:7      | Found a radiant altar of Vehumet.
  9667 | D:7      | Found Azabas's One-of-a-Kind Rings.
 10010 | D:8      | Reached skill level 10 in Axes
 10040 | D:8      | Gained mutation: You have large cloven feet. [demonic
                  | ancestry]
 10040 | D:8      | Reached XP level 10. HP: 80/80 MP: 12/12
 10374 | D:8      | Noticed a death yak
 10418 | D:8      | Killed a death yak
 10732 | D:8      | Noticed a death yak
 10732 | D:8      | Noticed a death yak
 10732 | D:8      | Noticed a death yak
 10941 | D:8      | Reached skill level 11 in Axes
 10969 | D:8      | Found a staircase to the Lair.
 10999 | D:8      | Noticed a death yak
 11906 | D:8      | Killed a death yak
 11906 | D:8      | Noticed a death yak
 12125 | D:8      | Noticed a death yak
 12371 | D:7      | Killed a death yak
 12566 | D:7      | Killed a death yak
 12732 | D:8      | Killed a death yak
 12733 | D:8      | Reached skill level 12 in Axes
 12733 | D:8      | Gained mutation: You are completely covered in yellow
                  | scales. (AC +4, rCorr) [demonic ancestry]
 12733 | D:8      | Reached XP level 11. HP: 88/90 MP: 13/13
 12937 | D:7      | Killed a death yak
 13017 | D:7      | Killed a death yak
 13018 | D:7      | Reached skill level 10 in Fighting
 13432 | D:9      | Found a runed translucent gate.
 13432 | D:9      | Found a runed translucent gate.
 13433 | D:9      | Found a runed translucent gate.
 13673 | D:9      | Noticed a two-headed ogre
 13700 | D:8      | Killed a two-headed ogre
 13873 | D:9      | Found Ruhemad's Magic Scroll Boutique.
 13885 | D:9      | Bought a scroll of teleportation for 51 gold pieces
 13885 | D:9      | Bought a scroll of fear for 59 gold pieces
 13992 | D:9      | Found Ivoll's Distillery.
 13995 | D:9      | Bought a potion of haste for 160 gold pieces
 13995 | D:9      | Bought a potion of heal wounds for 80 gold pieces
 14211 | D:9      | Found Rebut's Weapon Shop.
 14388 | D:9      | Noticed qborf's ghost (novice SpEn)
 14388 | D:9      | Noticed esteth's ghost (novice GrEE)
 14390 | D:9      | Noticed champignon's ghost (novice DsGl)
 14390 | D:9      | Noticed Redear's ghost (novice OpFi)
 14390 | D:9      | Noticed Yorgos's ghost (novice DsBe)
 14643 | D:10     | Entered Level 10 of the Dungeon
 14715 | D:10     | Noticed Joseph
 14722 | D:10     | Upgraded the game from 0.28-a0-1629-gf728b707aa to
                  | 0.28-a0-1638-g9123634e07
 14751 | D:10     | Killed Joseph
 14757 | D:10     | Noticed a two-headed ogre
 14765 | D:10     | Noticed Snorg
 14766 | D:10     | Paralysed by a hornet for 1 turns
 14924 | D:10     | Noticed Harold
 14940 | D:9      | HP: 1/92 [Harold (22)]
 14941 | D:9      | Demolished by Harold

Illustrated notes

Levels and vault maps discovered:
D:1:      dpeg_arrival_more_subterranean_lakeside_camping, layout_rooms,
          shapermc_ecumenical_altar_mp_highgroup, minmay_misc_feat_nine_boxes
D:2:      layout_loops_ring, basic_altar, serial_co_window_serial,
          co_window_corner_a, co_window_paths_a, co_window_paths_b,
          co_window_corner_a, co_window_corner_a, co_window_corner_ca,
          co_window_broadway_a, co_window_unsneaky_path_d,
          co_window_unsneaky_path_d, co_window_corner_b, co_window_corner_b,
          co_window_corner_ca, co_window_4corner_b, glass_columns_b,
          glass_columns_a, uniq_jessica
D:3:      layout_loops_ring, lemuel_doored_altar, serial_shops, shop_statue
D:4:      layout_basic, nicolae_qazlal_style_of_elements, serial_shops,
          kennysheep_mini
D:5:      layout_loops_ring, grunt_dithmenos_smoke_and_mirrors,
          serial_bayou_lagoon_b, uniq_crazy_yiuf_cottage, uniq_prince_ribbit1
D:6:      layout_rooms, mainiacjoe_overflow_24_doors,
          gammafunk_temple_overflow_pools, serial_shops, shop,
          minmay_joined_circles, uniq_edmund, uniq_grinder, uniq_sigmund
D:7:      layout_basic, grunt_temple_overflow_lords_of_destruction,
          minmay_temple_entry_glass, nicolae_shop_unique_rings
D:8:      layout_cave_pods, dpeg_lair_monsters, serial_column_ruins,
          column_ruins_hut_water, column_ruins_open_large,
          column_ruins_open_large, column_ruins_open_tiny,
          column_ruins_open_small_water
D:9:      layout_cave_pools, gammafunk_ghost_cemetery, serial_shops,
          nicolae_shop_waterfront, nicolae_shop_behind_doors,
          nicolae_shop_bloodbath_and_beyond, kennysheep_generic_room_16
D:10:     layout_rooms, dk_rats_in_the_wall, uniq_harold, uniq_joseph,
          uniq_snorg

Skill      XL: |  1  2  3  4  5  6  7  8  9 10 11 |
---------------+----------------------------------+-----
Axes           | 2 3 4 5 6 7 10 12 | 12.8
Invocations    | 3 4 |  4.7
Fighting       | 4 5 6 8 9 10 | 10.3
Slings         | 1 2 3 |  3.9
Shields        | 1 3 4 |  4.0
Armour         | |  1.7
Dodging        | |  0.8

Action                   |  1- 3 |  4- 6 |  7- 9 | 10-12 || total
-------------------------+-------+-------+-------+-------++-------
Melee: Hand axe          |   119 |   114 |       |       ||   233
       Punch             |     1 |     1 |       |       ||     2
       War axe           |       |    87 |   138 |   138 ||   363
 Fire: Hunting sling     |       |    10 |   149 |   103 ||   262
Throw: Dart              |       |       |       |    57 ||    57
       Throwing net      |       |       |       |     3 ||     3
Invok: Depart the Abyss  |     1 |       |       |       ||     1
       Bend Space        |       |     3 |     3 |    43 ||    49
Evoke: Wand              |       |       |       |     2 ||     2
  Use: Scroll            |       |       |     7 |     5 ||    12
       Potion            |       |       |     1 |     2 ||     3
 Stab: Paralysed         |       |       |       |     5 ||     5
Armor: Leather armour    |    48 |    72 |    33 |    42 ||   195
Dodge: Dodged            |    73 |    94 |    71 |    60 ||   298
Block: Buckler           |       |       |    35 |    20 ||    55

Table legend: (Time is in decaauts)
 A = Elapsed time spent in this place.
 B = Non-inter-level travel time spent in this place.
 C = Inter-level travel time spent in this place.
 D = Time resting spent in this place.
 E = Time spent auto-exploring this place.
 F = Levels seen in this place.
 G = Mean time per level.
                   A        B        C        D        E       F      G
               +--------+--------+--------+--------+--------+-----+--------+
         Total |  15029 |  14508 |    521 |   3719 |   6572 |  11 | 1366.3 |
       Dungeon |  14938 |  14417 |    521 |   3719 |   6572 |  10 | 1493.8 |
         Abyss |     91 |     91 |      0 |      0 |      0 |   1 |   91.0 |
               +--------+--------+--------+--------+--------+-----+--------+

Top non-repeatable levels by time:
     D:7: 2552 daAuts
     D:8: 2354 daAuts
     D:2: 1852 daAuts
     D:5: 1836 daAuts
     D:6: 1805 daAuts
     D:3: 1426 daAuts
     D:1: 990 daAuts
     D:4: 987 daAuts
     D:9: 985 daAuts
    D:10: 148 daAuts
 Abyss:1: 91 daAuts
